 Dungeon Crawl Stone Soup version 0.18-a0-1782-gb76a692 (webtiles) character file.

15050 Moloch the Destroyer (level 11, -17/61 HPs)
             Began as a High Elf Fire Elementalist on Apr 17, 2016.
             Was a High Priest of Vehumet.
             Killed from afar by an orc sorcerer (26 damage)
             ... with a bolt of fire
             ... on level 2 of the Orcish Mines.
             The game lasted 01:16:48 (11766 turns).

Moloch the Destroyer (High Elf Fire Elementalist)  Turns: 11766, Time: 01:16:49

Health: -17/61     AC: 10    Str:  7    XL:     11   Next: 96%
Magic:  20/37      EV: 12    Int: 32    God:    Vehumet [*****.]
Gold:   1167       SH:  0    Dex: 15    Spells: 6 memorised, 17 levels left

rFire  . . .     SeeInvis .     F - +7 great mace "Dazeopo" {venom, *Noise rN+ Int+10 Dex-2}
rCold  . . .     Gourm    .     H - +2 leather armour {rN+}
rNeg   + + .     Faith    .     (shield currently unavailable)
rPois  .         Spirit   .     m - +1 helmet
rElec  .         Dismiss  .     C - +0 cloak
rCorr  .         Reflect  .     t - +0 pair of gloves
SustAt .         Harm     .     l - +0 pair of boots
MR     ++...                    y - amulet of regeneration
Stlth  ++........               M - ring of magical power
                                Q - ring of protection from magic

@: studying Conjurations, very resistant to hostile enchantments, unstealthy
A: no striking features
a: Renounce Religion


You were on level 2 of the Orcish Mines.
You worshipped Vehumet.
Vehumet was extremely pleased with you.
You were not hungry.

You visited 3 branches of the dungeon, and saw 14 of its levels.
You also visited: Sewer.

You collected 1271 gold pieces.
You spent 104 gold pieces at shops.

Inventory:

Hand Weapons
 F - the +7 great mace "Dazeopo" (weapon) {venom, *Noise rN+ Int+10 Dex-2}
   (You found it in a sewer)

   It poisons the flesh of those it strikes.
   It affects your intelligence (+10).
   It affects your dexterity (-2).
   It protects you from negative energy.
   It may make noises in combat.
Missiles
 e - 45 tomahawks (quivered)
Armour
 i - a troll hide
 l - a +0 pair of boots (worn)
 m - a +1 helmet (worn)
 t - a +0 pair of gloves (worn)
 C - a +0 cloak (worn)
 H - a +2 leather armour of positive energy (worn)
Magical Staves
 S - an uncursed staff of air
Jewellery
 a - an uncursed ring of resist corrosion
 y - an amulet of regeneration (around neck)
 B - an uncursed ring of poison resistance
 M - a ring of magical power (right hand)
 O - an uncursed ring of flight
 Q - a ring of protection from magic (left hand)
Scrolls
 g - 5 scrolls of remove curse
 j - 4 scrolls of recharging
 n - 2 scrolls of amnesia {unknown}
 o - 5 scrolls of magic mapping {unknown}
 r - 3 scrolls of teleportation
 u - 10 scrolls of identify
 w - a scroll of enchant armour
 G - 2 scrolls of fear
Potions
 h - a potion of lignification {unknown}
 q - a potion of might {unknown}
 x - 2 potions of curing
 z - a potion of magic
 A - 3 potions of cancellation
 I - 3 potions of agility
 J - 3 potions of invisibility {unknown}
 K - 3 potions of cure mutation {unknown}
 L - 4 potions of flight {unknown}
 T - 2 potions of heal wounds {unknown}
 U - a potion of ambrosia {unknown}
Books
 b - a book of Flames

   Spells                             Type                      Level
   a - Flame Tongue                   Conjuration/Fire             1
   b - Throw Flame                    Conjuration/Fire             2
   c - Conjure Flame                  Conjuration/Fire             3
   d - Inner Flame                    Hexes/Fire                   3
   e - Sticky Flame                   Conjuration/Fire             4
   f - Fireball                       Conjuration/Fire             5
 N - a book of the Sky

   Spells                             Type                      Level
   a - Summon Lightning Spire         Summoning/Air                4
   b - Airstrike                      Air                          4
   c - Silence                        Hexes/Air                    5
   d - Deflect Missiles               Charms/Air                   6
   e - Conjure Ball Lightning         Conjuration/Air              6
   f - Tornado                        Air                          9
 R - a manual of Conjurations
 W - a book of Enchantments

   Spells                             Type                      Level
   a - Cause Fear                     Hexes                        4
   b - Yara's Violent Unravelling     Hexes/Transmutation          5
   c - Silence                        Hexes/Air                    5
   d - Deflect Missiles               Charms/Air                   6
   e - Haste                          Charms                       6
   f - Discord                        Hexes                        8
Comestibles
 c - 9 bread rations
 d - 4 chunks of flesh
 f - a royal jelly
 k - 6 meat rations
 p - 12 fruits
 s - 8 slices of pizza
 v - 2 beef jerkies


   Skills:
 - Level 2.1 Dodging
 - Level 2.1 Stealth
 + Level 12.6 Spellcasting
 + Level 14.2 Conjurations
 + Level 11.0 Fire Magic


You had 17 spell levels left.
You knew the following spells:

 Your Spells              Type           Power        Failure   Level  Hunger
a - Flame Tongue          Conj/Fire      #####        1%          1    None
b - Conjure Flame         Conj/Fire      #######.     1%          3    None
c - Sticky Flame          Conj/Fire      #######.     1%          4    None
d - Call Imp              Summ           ###.....     6%          2    None
e - Fireball              Conj/Fire      #######...   1%          5    None
f - Regeneration          Chrm/Necr      ###.......   12%         3    None


Dungeon Overview and Level Annotations

Branches:
Dungeon (11/15)            Temple (1/1) D:4            Lair (0/8) D:9
    Orc (2/2) D:11            Elf (0/3) Orc:2

Altars:
Ashenzari
Cheibriados
Dithmenos
Elyvilon
Fedhas
Gozag
Kikubaaqudgha
Makhleb
Nemelex Xobeh
Okawaru
Pakellas
Qazlal
Ru
Sif Muna
Trog
Vehumet
Xom
Yredelemnul
Zin
The Shining One

Shops:
D:6 *   D:8 (

Portals:
Trove: D:10 (give 18 scrolls of identify)

Annotations:
D:10 grom234's ghost, journeyman FoFi


Message History

The fireball engulfs something.
Vehumet accepts your kill.
You feel your power returning.
Reactivating autopickup.
You feel a bit more experienced.
The orc sorcerer gestures at you while chanting.
The bolt of fire hits you!
* * * LOW HITPOINT WARNING * * *
Unknown command.
Unknown command.
Casting: Fireball
Confirm with . or Enter, or press ? or * to list all spells.
Aiming: Fireball
Press: ? - help, Shift-Dir - straight line, f - orc sorcerer
Aim: an orc sorcerer, wielding a dagger and wearing an embroidered robe (heavily wounded)
The fireball explodes!
The fireball engulfs the orc sorcerer.
The orc sorcerer is severely wounded.
The orc sorcerer points at you and mumbles some strange words.
The bolt of fire hits you!
You die...

##.................[)... #
##...#............[[..o.
##.#...>.....$.......#[....
#......#.)[..)............#
##....#).o...#.............
#....#......[[...)......
##..............[.......
###....)).....<[$......
##....)@...[.).......
#.....##........#...
##$.......)....#....
#.....<....)..#.....
..#...##.#)..........
#.......#.#...........
##...$.....#$........
##.......####......


You could see an orc sorcerer.

Vanquished Creatures
  Maud (Orc:1)
  A hill giant (D:11)
  4 lindwurms (D:8)
  2 orc knights (Orc:1)
  An orc sorcerer (Orc:2)
  A guardian serpent (D:10)
  Maurice (D:11)
  Joseph (D:9)
  A gargoyle (D:10)
  5 trolls
  A two-headed ogre (D:8)
  Grinder (D:6)
  A hog (D:9)
  Eustachio (D:6)
  A human (D:9)
  4 hippogriffs
  A hungry ghost (D:11)
  2 wargs
  9 orc warriors
  3 sky beasts
  2 ice beasts
  6 phantoms
  A wolf (D:9)
  7 ogres
  A centaur (D:6)
  3 giant frogs
  5 scorpions
  A troll zombie (D:11)
  The ghost of Lovchig the Ruffian, a weakling MiMo (D:6)
  6 killer bees
  5 wights (D:7)
  2 howler monkeys
  4 electric eels (D:9)
  4 crimson imps
  A giant frog zombie (D:11)
  10 orc priests
  13 hounds
  4 iguanas
  16 orc wizards
  2 giant frog skeletons (D:10)
  Jessica (D:2)
  Ijyb (D:2)
  6 worker ants
  3 sheep (D:9)
  7 ogre zombies (D:11)
  A hound zombie (D:8)
  3 hound skeletons
  2 worker ant zombies (D:10)
  Robin (D:3)
  12 gnolls
  16 adders
  4 shadow imps
  5 oozes
  An adder skeleton (D:8)
  2 worms
  9 giant geckos
  61 orcs
  7 bats
  10 giant cockroaches
  13 goblins
  14 hobgoblins
  4 jackals
  4 quokkas
  7 ball pythons
  A giant gecko skeleton (D:6)
  3 giant newts
  5 goblin zombies (D:11)
  2 hobgoblin zombies (D:11)
  4 orc skeletons (D:11)
  13 orc zombies (D:11)
  6 rats
364 creatures vanquished.

Vanquished Creatures (collateral kills)
  A hound (D:11)
1 creature vanquished.

Vanquished Creatures (others)
  A goblin (D:1)
1 creature vanquished.

Grand Total: 366 creatures vanquished

Notes
Turn   | Place    | Note
--------------------------------------------------------------
     0 | D:1      | Moloch the High Elf Fire Elementalist began the quest for the Orb.
     0 | D:1      | Reached XP level 1. HP: 11/11 MP: 4/4
   167 | D:1      | Reached XP level 2. HP: 13/17 MP: 2/6
   694 | D:2      | Found a shadowy altar of Dithmenos.
   837 | D:2      | Found a blossoming altar of Fedhas.
   921 | D:2      | Found a sacrificial altar of Ru.
   988 | D:2      | Noticed Ijyb
   995 | D:2      | Killed Ijyb
   995 | D:2      | Reached XP level 3. HP: 16/21 MP: 0/8
  1000 | D:2      | Learned a level 3 spell: Conjure Flame
  1013 | D:2      | Found a basalt altar of Yredelemnul.
  1250 | D:2      | Found a sparkling altar of Nemelex Xobeh.
  1251 | D:2      | Found an opulent altar of Gozag.
  1471 | D:2      | Noticed Jessica
  1475 | D:2      | Killed Jessica
  1475 | D:2      | Reached XP level 4. HP: 27/27 MP: 7/9
  1477 | D:2      | Found a shimmering altar of Xom.
  1484 | D:2      | Learned a level 4 spell: Sticky Flame
  1733 | D:3      | Reached skill level 2 in Conjurations
  1983 | D:3      | Reached XP level 5. HP: 24/31 MP: 8/11
  2261 | D:3      | Noticed Robin
  2286 | D:3      | Killed Robin
  2564 | D:4      | Reached skill level 3 in Conjurations
  2610 | D:4      | Noticed an ogre
  2619 | D:4      | Killed an ogre
  2619 | D:4      | Reached skill level 5 in Fire Magic
  2619 | D:4      | Reached XP level 6. HP: 36/36 MP: 7/13
  2642 | D:4      | Found a burning altar of Makhleb.
  2642 | D:4      | Found a stormy altar of Qazlal.
  2826 | D:4      | Learned a level 2 spell: Call Imp
  2828 | D:4      | Found a staircase to the Ecumenical Temple.
  2854 | Temple   | Entered the Ecumenical Temple
  2918 | D:4      | Reached skill level 4 in Conjurations
  2942 | D:4      | Reached skill level 5 in Spellcasting
  2942 | D:4      | Reached XP level 7. HP: 41/41 MP: 0/15
  3438 | D:5      | Entered Level 5 of the Dungeon
  3483 | D:5      | Reached skill level 5 in Conjurations
  3498 | D:5      | Learned a level 5 spell: Fireball
  3801 | D:5      | Reached skill level 6 in Conjurations
  3812 | D:5      | Found a glowing drain.
  3825 | Sewer    | Entered a sewer
  4072 | Sewer    | Reached XP level 8. HP: 33/46 MP: 12/18
  4215 | Sewer    | Got an ichor-stained great mace
  4216 | Sewer    | Identified the +7 great mace "Dazeopo" {venom, *Noise rN+ Int+10 Dex-2} (You found it in a sewer)
  4305 | D:5      | Found an iron altar of Okawaru.
  4421 | D:5      | Reached skill level 7 in Conjurations
  4481 | D:5      | Found a radiant altar of Vehumet.
  4718 | D:5      | Became a worshipper of Vehumet
  4880 | D:6      | Noticed Grinder
  4883 | D:6      | Killed Grinder
  5112 | D:6      | Reached skill level 8 in Conjurations
  5279 | D:6      | Found a bloodstained altar of Trog.
  5397 | D:6      | Found Immeack's General Store.
  5400 | D:6      | Bought a potion of agility for 52 gold pieces
  5400 | D:6      | Bought a scroll of identify for 26 gold pieces
  5400 | D:6      | Bought a scroll of identify for 26 gold pieces
  5437 | D:6      | Noticed Eustachio
  5442 | D:6      | Killed Eustachio
  5442 | D:6      | Reached XP level 9. HP: 48/51 MP: 12/21
  5671 | D:6      | Noticed Lovchig's ghost (weakling MiMo)
  5845 | D:6      | Killed Lovchig's ghost
  6187 | D:7      | Found a deep blue altar of Sif Muna.
  6208 | D:7      | Reached * piety under Vehumet
  6208 | D:7      | Offered knowledge of Sting by Vehumet.
  6534 | D:7      | Found a white marble altar of Elyvilon.
  6656 | D:7      | Reached skill level 9 in Conjurations
  7063 | D:8      | Found Fonuts's Weapon Shop.
  7428 | D:8      | Noticed a lindwurm
  7429 | D:8      | Noticed a lindwurm
  7437 | D:8      | Noticed a lindwurm
  7437 | D:8      | Killed a lindwurm
  7437 | D:8      | Reached XP level 10. HP: 56/56 MP: 8/24
  7439 | D:8      | Noticed a lindwurm
  7909 | D:8      | Killed a lindwurm
  8019 | D:8      | Killed a lindwurm
  8019 | D:8      | Reached skill level 10 in Conjurations
  8131 | D:8      | Killed a lindwurm
  8131 | D:8      | Reached skill level 10 in Spellcasting
  8239 | D:8      | Learned a level 3 spell: Regeneration
  8306 | D:9      | Found a staircase to the Lair.
  8307 | D:9      | Offered knowledge of Sandblast by Vehumet.
  8307 | D:9      | Reached ** piety under Vehumet
  8324 | D:9      | Reached skill level 11 in Conjurations
  8524 | D:9      | Noticed Joseph
  8542 | D:9      | Killed Joseph
  8808 | D:9      | Offered knowledge of Ignite Poison by Vehumet.
  9026 | D:9      | Found a glowing silver altar of Zin.
  9188 | D:9      | Reached *** piety under Vehumet
  9266 | D:10     | Entered Level 10 of the Dungeon
  9313 | D:10     | Found a portal to a secret trove of treasure.
  9387 | D:10     | Reached XP level 11. HP: 61/61 MP: 17/27
  9475 | D:10     | Noticed grom234's ghost (journeyman FoFi)
  9485 | D:10     | Reached skill level 12 in Conjurations
  9906 | D:11     | Noticed Maurice
  9912 | D:11     | Killed Maurice
  9972 | D:11     | Offered knowledge of Static Discharge by Vehumet.
  9989 | D:11     | Reached **** piety under Vehumet
 10146 | D:11     | Offered knowledge of Iskenderun's Mystic Blast by Vehumet.
 10147 | D:11     | Noticed a hill giant
 10166 | D:11     | Killed a hill giant
 10166 | D:11     | Reached skill level 10 in Fire Magic
 10403 | D:11     | Found a staircase to the Orcish Mines.
 10448 | D:11     | Found a sparkling altar of Nemelex Xobeh.
 10631 | Orc:1    | Entered Level 1 of the Orcish Mines
 10755 | Orc:1    | Noticed an orc knight
 10760 | Orc:1    | Killed an orc knight
 10760 | Orc:1    | Reached skill level 13 in Conjurations
 10764 | Orc:1    | Noticed Maud
 10805 | Orc:1    | Killed Maud
 10920 | Orc:2    | Entered Level 2 of the Orcish Mines
 10931 | Orc:2    | Noticed an orc sorcerer
 11142 | Orc:2    | Killed an orc sorcerer
 11316 | Orc:1    | Reached ***** piety under Vehumet
 11316 | Orc:1    | Offered knowledge of Throw Icicle by Vehumet.
 11356 | Orc:1    | Reached skill level 14 in Conjurations
 11424 | Orc:1    | Noticed an orc knight
 11427 | Orc:1    | Killed an orc knight
 11663 | Orc:2    | Noticed an orc high priest
 11722 | Orc:2    | Found a staircase to the Elven Halls.
 11749 | Orc:2    | Noticed an orc sorcerer
 11766 | Orc:2    | Killed from afar by an orc sorcerer

Vault maps used:
D:1:      saegor_arrival_miasma
D:2:      grunt_temple_overflow_opulence,
          nicolae_dithmenos_through_a_glass_darkly, fedhas_altar_fruit_tree,
          nicolae_ru_path_of_blood, old_standard_altar, xom_teletrap_fun,
          uniq_jessica, uniq_iyjb
D:3:      wad_pebble_path, first_bread, uniq_robin
D:4:      gammafunk_temple_overflow_elements, temple_fountains
D:5:      vehumet_crystals, old_standard_altar, portal_sewer_entry_d
D:6:      lemuel_crystal_altar, serial_shops, shop_statue, uniq_grinder,
          uniq_eustachio
D:7:      elyvilon_altar_3, lemuel_crystal_altar
D:8:      serial_shops, shop, minmay_lindwurm_lava
D:9:      overflow_temple_1_default, erik_lair_island, grunt_livestock,
          uniq_joseph
D:10:     enter_trove_2, nrook_guardian_serpent_ordinary
D:11:     zombieorc2_lemuel, nemelex_xobeh_ov_fountains_minmay, uniq_maurice
Temple:   hc_temple_tempest_star_small
Orc:1:    cheibrodos_orc_bank, uniq_maud
Orc:2:    st_orc_mages, portal_ice_cave_entry_imps
Sewer:    sewer_frog_island_01

Skill      XL: |  1  2  3  4  5  6  7  8  9 10 11 |
---------------+----------------------------------+-----
Fire Magic     | 4 5 6 7 8 9 11 | 11.0
Spellcasting   | 3 4 5 6 7 9 11 12 | 12.6
Conjurations   | 2 3 4 6 8 9 11 14 | 14.2
Dodging        | |  2.1
Stealth        | |  2.1

Action                   |  1- 3 |  4- 6 |  7- 9 | 10-12 || total
-------------------------+-------+-------+-------+-------++-------
Melee: Great mace        |       |       |    22 |    18 ||    40
 Fire: Hunting sling     |    38 |    67 |    32 |       ||   137
 Cast: Flame Tongue      |    35 |    90 |   204 |   100 ||   429
       Conjure Flame     |       |     2 |     5 |     8 ||    15
       Sticky Flame      |       |     3 |    22 |    32 ||    57
       Fireball          |       |       |    12 |   110 ||   122
       Call Imp          |       |       |     2 |     3 ||     5
 Abil: Evoke Flight      |       |       |       |     2 ||     2
  Use: Scroll            |       |       |     6 |     9 ||    15
       Potion            |       |       |       |     1 ||     1
  Eat: Chunk             |     2 |     5 |    15 |    16 ||    38
       Pizza             |       |       |     1 |       ||     1
       Beef jerky        |       |       |       |     1 ||     1
Armor: Robe              |     2 |    11 |    16 |       ||    29
       Leather armour    |       |       |     7 |    21 ||    28
Dodge: Dodged            |    10 |    20 |    76 |    47 ||   153
